 Dungeon Crawl Stone Soup version 0.19.0-19-g8c6edcc (webtiles) character file.

187 Chiseanne the Sneak (level 5, -1/28 HPs)
             Began as a Spriggan Monk on Nov 13, 2016.
             Was an Initiate of Ru.
             Shot with an arrow by a centaur (13 damage)
             ... on level 5 of the Dungeon.
             The game lasted 00:06:35 (2785 turns).

Chiseanne the Sneak (Spriggan Monk)                 Turns: 2785, Time: 00:06:36

Health: -1/28      AC:  2    Str:  7    XL:     5   Next: 39%
Magic:  6/6        EV: 22    Int:  9    God:    Ru [......]
Gold:   121        SH:  0    Dex: 20    Spells: 0 memorised, 4 levels left

rFire  . . .     SeeInvis +     a - +1 short sword
rCold  . . .     Gourm    .     b - +0 robe
rNeg   . . .     Faith    .     (shield restricted)
rPois  .         Spirit   .     (helmet restricted)
rElec  .         Reflect  .     (no cloak)
rCorr  .         Harm     .     (gloves unavailable)
MR     .....                    (boots unavailable)
Stlth  ++++......               (no amulet)
                                (no ring)
                                (no ring)

@: very slightly contaminated, hasted, very quick
A: unfitting armour, see invisible, dopey 1, herbivore 3, speed 3, slow
metabolism 2
a: Renounce Religion


You were on level 5 of the Dungeon.
You worshipped Ru.
Ru was noncommittal.
You were not hungry.

You visited 1 branch of the dungeon, and saw 5 of its levels.

You collected 121 gold pieces.

Inventory:

Hand Weapons
 a - a +1 short sword (weapon)
Missiles
 e - 11 sling bullets
 f - 33 poisoned needles
 g - 19 bolts
 l - 23 arrows
 n - 74 stones (quivered)
Armour
 b - a +0 robe (worn)
Wands
 d - a wand of teleportation (4/9)
Scrolls
 o - 2 scrolls of remove curse
 p - 2 scrolls of immolation
 r - a scroll of blinking
 s - a scroll of recharging
Potions
 i - 4 potions of cancellation
 k - a potion of agility {unknown}
 m - a potion of curing
 q - a potion of flight {unknown}
Comestibles
 c - 2 bread rations


   Skills:
 + Level 3.5 Fighting
 - Level 3.2 Short Blades
 + Level 5.7 Dodging
 * Level 6.2 Stealth


You had 4 spell levels left.
You didn't know any spells.

Dungeon Overview and Level Annotations

Branches:
Dungeon (5/15)
 Temple: D:4-7

Altars:
Ashenzari
Makhleb
Ru


Innate Abilities, Weirdness & Mutations

You are very small and have problems with some larger weapons.
You are too small for most types of armour.
You have supernaturally acute eyesight. (SInv)
You are dopey. (Int -2)
You are a herbivore.
You cover ground extremely quickly.
You need consume almost no food.


Message History

You see here an arrow.
The centaur shoots an arrow.
The arrow completely misses you.
You see here an arrow.
The centaur shoots an arrow.
The arrow barely misses you.
You see here an arrow.
You closely miss the centaur.
The centaur unwields an uncursed shortbow.
The centaur misses you.
You barely miss the centaur. The centaur barely misses you.
You hit the centaur but do no damage. The centaur misses you.
You hit the centaur.
The centaur is lightly wounded.
You hit the centaur.
The centaur is lightly wounded.
The centaur hits you.
The centaur shoots an arrow.
The arrow hits you!
You hit the centaur.
The centaur is moderately wounded.
The centaur completely misses you.
The centaur shoots an arrow.
The arrow hits you!
You die...

#.....#.#
#.o...#.#
..oo...
#'#..#
##(#o.#
#..c.o#
###########
.o...##
#.........#
#(####
#.#######c#
#.####
#<..(.((@.#
#....#
#c#######.#
####.# #.#
.# #.# #.#
##
#.####.###
#........#
##########


You could see 2 centaurs.

Vanquished Creatures
  A scorpion (D:4)
  An orc priest (D:4)
  A centaur skeleton (D:4)
  An adder (D:2)
  An ooze (D:4)
  2 dart slugs
  A leopard gecko (D:1)
  3 orcs
  6 giant cockroaches
  7 goblins
  7 hobgoblins
  6 jackals
  3 quokkas
  6 bats
  3 frilled lizards
  5 kobolds
  4 rats
58 creatures vanquished.

Notes
Turn   | Place    | Note
-------+----------+-------------------------------------------
     0 | D:1      | Chiseanne the Spriggan Monk began the quest for the Orb.
     0 | D:1      | Reached XP level 1. HP: 11/11 MP: 2/2
   275 | D:1      | Reached XP level 2. HP: 16/16 MP: 3/3
   766 | D:2      | Reached skill level 4 in Stealth
  1177 | D:2      | Reached XP level 3. HP: 19/19 MP: 4/4
  1356 | D:2      | Reached skill level 5 in Dodging
  1854 | D:3      | Gained mutation: Your spells are a little harder to cast, but a little more powerful. [potion of beneficial mutation]
  1898 | D:3      | Found a faded altar of an unknown god.
  1901 | D:3      | Became a worshipper of Ru the Awakened
  1936 | D:3      | Gained mutation: You are dopey. (Int -2) [Ru sacrifice]
  2168 | D:4      | Reached skill level 5 in Stealth
  2168 | D:4      | Reached XP level 4. HP: 17/24 MP: 5/5
  2348 | D:4      | Gained mutation: You are covered in fur. (AC +1) [potion of beneficial mutation]
  2349 | D:4      | Gained mutation: You are partially covered in rugged brown scales. (AC +1, +3% HP) [potion of beneficial mutation]
  2379 | D:4      | Found a shattered altar of Ashenzari.
  2500 | D:4      | Reached XP level 5. HP: 19/28 MP: 6/6
  2518 | D:4      | Found a burning altar of Makhleb.
  2682 | D:4      | Reached skill level 6 in Stealth
  2723 | D:5      | Entered Level 5 of the Dungeon
  2725 | D:5      | Noticed a centaur
  2746 | D:5      | Noticed a centaur
  2750 | D:5      | Lost mutation: Your spells are a little harder to cast, but a little more powerful. [potion of cure mutation]
  2750 | D:5      | Lost mutation: You are covered in fur. (AC +1) [potion of cure mutation]
  2750 | D:5      | Lost mutation: You are partially covered in rugged brown scales. (AC +1, +3% HP) [potion of cure mutation]
  2785 | D:5      | Shot with an arrow by a centaur

Skill      XL: |  1  2  3  4  5 |
---------------+----------------+-----
Stealth        | 4 5 6 |  6.2
Dodging        | 5 |  5.7
Fighting       | 3 |  3.5
Short Blades   | |  3.2

Action                   |  1- 3 |  4- 6 || total
-------------------------+-------+-------++-------
Melee: Short sword       |   133 |    81 ||   214
Invok: Sacrifice Purity  |     1 |       ||     1
Evoke: Wand              |       |     1 ||     1
  Use: Scroll            |     8 |     1 ||     9
       Potion            |     1 |     6 ||     7
 Stab: Sleeping          |    13 |     4 ||    17
       Distracted        |     1 |       ||     1
  Eat: Royal jelly       |     1 |       ||     1
Armor: Robe              |     9 |    11 ||    20
Dodge: Dodged            |   102 |   129 ||   231
